 Dungeon Crawl Stone Soup version 0.21.1-1-g345015fe64 (webtiles) character file.

8083 Kholdaimon the Magician (level 11, -10/85 HPs)
             Began as a Gnoll Skald on June 20, 2018.
             Was a High Priest of Okawaru.
             Mangled by an orc warrior
             ... wielding a +0 glaive
              (31 damage)
             ... in a bailey on June 21, 2018.
             The game lasted 01:51:47 (10124 turns).

Kholdaimon the Magician (Gnoll Skald)              Turns: 10124, Time: 01:51:48

Health: -10/85     AC:  7    Str: 16    XL:     11   Next: 25%
Magic:  19/22      EV: 15    Int: 16    God:    Okawaru [*****.]
Gold:   335        SH: 10    Dex: 15    Spells: 19/25 levels left

rFire    . . .     SeeInvis .   i - +0 hunting sling (flame)
rCold    . . .     Gourm    .   t - +0 shield
rNeg     . . .     Faith    .   s - +1 troll leather armour {Purgy}
rPois    .         Spirit   .   (no helmet)
rElec    .         Reflect  .   (no cloak)
rCorr    .         Harm     .   (no gloves)
MR       .....                  (no boots)
Stlth    ++++......             q - amulet of magic regeneration
HPRegen  1.64/turn              y - +1 ring of protection
MPRegen  0.43/turn              b - ring of stealth

@: regenerating
A: distributed training, fangs 1, strong nose
a: Heroism, Finesse, Renounce Religion


You were in a bailey.
You worshipped Okawaru.
Okawaru was extremely pleased with you.
You were hungry.

You visited 1 branch of the dungeon, and saw 10 of its levels.
You also visited: Bailey.

You collected 335 gold pieces.

Inventory:

Hand Weapons
 e - a +3 vampiric trident
 i - a +0 hunting sling of flaming (weapon)
 u - a +3 short sword of electrocution
 w - a +3 spear
 F - a +3 flail
 J - a +2 long sword of slicing
 L - a +0 blowgun
Missiles
 k - 36 poisoned needles
 n - 155 arrows
 v - 125 stones (quivered)
 A - 226 bolts
 K - 8 tomahawks of dispersal
 T - 3 javelins of returning
Armour
 o - a +0 large shield
 s - a +1 troll leather armour (worn) {Purgy}
 t - a +0 shield (worn)
 H - a cursed +0 ring mail
 M - a +2 leather armour of cold resistance
 N - the +1 plate armour "Vuaschocs" {Int+6 Slay+2, unknown}
   (You found it on level 8 of the Dungeon)

   It affects your intelligence (+6).
   It affects your accuracy and damage with ranged weapons and melee attacks
   (+2).
Magical Staves
 Z - an uncursed staff of energy
Jewellery
 b - a ring of stealth (right hand)
 q - an amulet of magic regeneration (around neck)
 y - a +1 ring of protection (left hand)
 G - a +3 amulet of reflection {unknown}
 R - an uncursed ring of see invisible
Wands
 a - a wand of enslavement (8)
 z - a wand of acid (6)
 C - a wand of scattershot (4)
Scrolls
 f - a scroll of remove curse
 h - 4 scrolls of teleportation
 m - a scroll of immolation
 O - a scroll of fear {unknown}
 Q - a scroll of acquirement {unknown}
 U - a scroll of enchant armour
 V - 2 scrolls of amnesia {unknown}
Potions
 g - a potion of ambrosia
 j - 7 potions of curing
 l - a potion of lignification
 p - 2 potions of cancellation
 r - 3 potions of flight
 x - a potion of heal wounds
 D - a potion of brilliance
 P - a potion of degeneration {unknown}
 S - a potion of agility {unknown}
Books
 c - a book of Battle

   Spells                             Type                      Level
   a - Infusion                       Charms                       1
   b - Shroud of Golubria             Charms/Translocation         2
   c - Song of Slaying                Charms                       2
   d - Spectral Weapon                Hexes/Charms                 3
   e - Regeneration                   Charms/Necromancy            3
 I - a book of Misfortune

   Spells                             Type                      Level
   a - Confusing Touch                Hexes                        1
   b - Confuse                        Hexes                        3
   c - Gell's Gravitas                Translocation                3
   d - Petrify                        Transmutation/Earth          4
   e - Metabolic Englaciation         Hexes/Ice                    5
   f - Yara's Violent Unravelling     Hexes/Transmutation          5
 X - a book of Geomancy

   Spells                             Type                      Level
   a - Sandblast                      Earth                        1
   b - Passwall                       Transmutation/Earth          2
   c - Stone Arrow                    Conjuration/Earth            3
   d - Petrify                        Transmutation/Earth          4
   e - Lee's Rapid Deconstruction     Earth                        5
Comestibles
 d - 18 rations


   Skills:
 + Level 7.6 Fighting
 + Level 6.0 Short Blades
 + Level 6.0 Long Blades
 + Level 7.6 Axes
 + Level 6.0 Maces & Flails
 + Level 6.0 Polearms
 + Level 6.0 Staves
 + Level 6.0 Slings
 + Level 6.0 Bows
 + Level 6.0 Crossbows
 + Level 6.0 Throwing
 + Level 6.6 Armour
 + Level 7.6 Dodging
 + Level 6.0 Stealth
 + Level 6.0 Shields
 + Level 6.0 Unarmed Combat
 + Level 7.9 Spellcasting
 + Level 5.0 Conjurations
 + Level 5.0 Hexes
 + Level 7.5 Charms
 + Level 5.0 Summonings
 + Level 5.0 Necromancy
 + Level 5.0 Translocations
 + Level 5.0 Transmutations
 + Level 5.0 Fire Magic
 + Level 5.0 Ice Magic
 + Level 5.0 Air Magic
 + Level 5.0 Earth Magic
 + Level 5.0 Poison Magic
 + Level 6.6 Invocations
 + Level 6.0 Evocations


You had 19 spell levels left.
You knew the following spells:

 Your Spells              Type           Power        Failure   Level  Hunger
a - Infusion              Chrm           ####         1%          1    None
b - Shroud of Golubria    Chrm/Tloc      ####......   4%          2    None
c - Regeneration          Chrm/Necr      ####......   10%         3    ##.....


Dungeon Overview and Level Annotations

Branches:
Dungeon (10/15)            Temple (0/1) D:7             Orc (0/2) D:9
   Lair: D:8-11

Altars:
Cheibriados
Elyvilon
Fedhas
Hepliaklqana
Nemelex Xobeh
Okawaru
Qazlal
Uskayaw
Wu Jian
The Shining One

Shops:
D:7 [   D:8 =   D:9 [

Annotations:
D:2 exclusion: downstairs
D:3 abdbla's ghost, amateur GrFi


Innate Abilities, Weirdness & Mutations

Your experience applies equally to all skills.
You have very sharp teeth.
Your uncanny sense of smell can sniff out nearby items.


Message History

Your skin stops crawling.
The orc warrior no longer looks unusually strong.
The orc knight roars a battlecry!
The orc warrior goes into a battle-frenzy!
The orc warrior no longer looks unusually strong. x2
The orc knight roars a battlecry!
The orc warriors go into a battle-frenzy!
The orc warrior no longer looks unusually strong.
Casting: Regeneration
Confirm with . or Enter, or press ? or * to list all spells.
Space distorts slightly along a thin shroud covering your body.
You block the orc warrior's attack. The orc warrior barely misses you.
The orc knight roars a battlecry!
The orc warrior goes into a battle-frenzy!
Casting: Shroud of Golubria
Confirm with . or Enter, or press ? or * to list all spells.
Your skin crawls.
You block the orc warrior's attack.
The orc warrior hits you from afar with a glaive!!
You die...

.(...≈≈#.#≈≈.(....#
.....≈#∩.##≈......#
.....≈..^..≈.(....#
.....≈##.##≈......#
...).≈≈#)#≈≈......#
......≈≈≈≈≈(......#
......(...........#
..................#
..............o.@.#
..........o...o...#
............o.o.∩.#
.................∩#
###################


You could see an orc knight and 4 orc warriors.

Vanquished Creatures
  A two-headed ogre (D:6)
  Pikel (D:8)
  Joseph (D:8)
  A troll (D:9)
  Prince Ribbit (D:8)
  4 yaks (D:8)
  A spriggan (D:7)
  A water moccasin (D:7)
  12 orc warriors
  2 sky beasts
  Purgy (D:3)
  A black bear (D:9)
  3 ice beasts
  8 ogres
  2 phantoms
  3 centaurs
  7 big kobolds (D:9)
  3 bullfrogs
  4 gnoll sergeants
  3 scorpions
  4 killer bees (D:9)
  4 howler monkeys (D:8)
  A crimson imp (D:7)
  2 hounds
  3 jellies
  A quasit (D:8)
  2 bullfrog skeletons
  5 orc priests
  10 orc wizards
  3 iguanas
  7 worker ants
  2 hound zombies
  12 gnolls
  5 adders
  3 oozes
  2 worms (D:3)
  4 dart slugs
  6 leopard geckos
  42 orcs
  3 bats
  5 giant cockroaches
  5 goblins
  4 hobgoblins
  10 jackals
  8 kobolds
  6 quokkas
  2 ball pythons
  2 frilled lizards
  A leopard gecko skeleton (D:4)
  2 quokka skeletons (D:4)
  5 rats
231 creatures vanquished.

Vanquished Creatures (others)
  2 slaves (D:8)
  A jelly (D:8)
  A hound skeleton (D:8)
4 creatures vanquished.

Grand Total: 235 creatures vanquished

Notes
Turn   | Place    | Note
-------+----------+-------------------------------------------
     0 | D:1      | Kholdaimon the Gnoll Skald began the quest for the Orb.
     0 | D:1      | Reached XP level 1. HP: 20/20 MP: 6/6
   185 | D:1      | Reached XP level 2. HP: 26/26 MP: 7/7
   225 | D:1      | Learned a level 2 spell: Shroud of Golubria
   622 | D:1      | Reached XP level 3. HP: 27/31 MP: 9/9
  1002 | D:2      | Reached skill level 5 in Spellcasting
  1059 | D:2      | Found a hazy altar of Hepliaklqana.
  1428 | D:3      | Noticed abdbla's ghost (amateur GrFi)
  1473 | D:3      | Learned a level 3 spell: Regeneration
  1535 | D:3      | Reached skill level 1 in Invocations
  1851 | D:3      | Found a blossoming altar of Fedhas.
  1857 | D:3      | Reached skill level 1 in Short Blades
  1857 | D:3      | Reached skill level 1 in Long Blades
  1857 | D:3      | Reached skill level 1 in Maces & Flails
  1857 | D:3      | Reached skill level 1 in Polearms
  1857 | D:3      | Reached skill level 1 in Staves
  1857 | D:3      | Reached skill level 1 in Slings
  1857 | D:3      | Reached skill level 1 in Bows
  1857 | D:3      | Reached skill level 1 in Crossbows
  1857 | D:3      | Reached skill level 1 in Throwing
  1857 | D:3      | Reached skill level 1 in Stealth
  1857 | D:3      | Reached skill level 1 in Shields
  1857 | D:3      | Reached skill level 1 in Unarmed Combat
  1857 | D:3      | Reached skill level 1 in Evocations
  1857 | D:3      | Reached XP level 4. HP: 29/38 MP: 11/11
  2030 | D:3      | Reached skill level 1 in Conjurations
  2030 | D:3      | Reached skill level 1 in Hexes
  2030 | D:3      | Reached skill level 1 in Summonings
  2030 | D:3      | Reached skill level 1 in Necromancy
  2030 | D:3      | Reached skill level 1 in Translocations
  2030 | D:3      | Reached skill level 1 in Transmutations
  2030 | D:3      | Reached skill level 1 in Fire Magic
  2030 | D:3      | Reached skill level 1 in Ice Magic
  2030 | D:3      | Reached skill level 1 in Air Magic
  2030 | D:3      | Reached skill level 1 in Earth Magic
  2030 | D:3      | Reached skill level 1 in Poison Magic
  2030 | D:3      | Reached XP level 5. HP: 36/43 MP: 12/12
  2330 | D:3      | Noticed Purgy
  2346 | D:3      | Killed Purgy
  2496 | D:3      | Reached XP level 6. HP: 50/50 MP: 13/13
  3075 | D:4      | Found a glowing golden altar of the Shining One.
  3219 | D:4      | Reached skill level 5 in Fighting
  3219 | D:4      | Reached skill level 5 in Axes
  3219 | D:4      | Reached skill level 5 in Dodging
  3881 | D:5      | Entered Level 5 of the Dungeon
  4084 | D:5      | Reached XP level 7. HP: 56/56 MP: 15/15
  4138 | D:5      | Found a hide-covered altar of Uskayaw.
  4141 | D:5      | Found a snail-covered altar of Cheibriados.
  4661 | D:6      | Noticed a two-headed ogre
  4716 | D:6      | Found a sparkling altar of Nemelex Xobeh.
  4799 | D:6      | Found an iron altar of Okawaru.
  4821 | D:6      | Became a worshipper of Warmaster Okawaru
  4850 | D:6      | Reached XP level 8. HP: 63/63 MP: 16/16
  5108 | D:6      | You fall through a shaft for 2 floors!
  5213 | D:8      | Reached * piety under Okawaru
  5289 | D:8      | Noticed Pikel
  5324 | D:8      | Killed Pikel
  5324 | D:8      | Reached ** piety under Okawaru
  5324 | D:8      | Reached XP level 9. HP: 68/69 MP: 18/18
  5432 | D:8      | Found Onanud's Jewellery Shoppe.
  5518 | D:8      | Reached skill level 5 in Armour
  5659 | D:8      | Noticed Joseph
  5678 | D:8      | Noticed Prince Ribbit
  5691 | D:8      | Killed Joseph
  5691 | D:8      | Reached *** piety under Okawaru
  5691 | D:8      | Received a gift from Okawaru
  5691 | D:8      | Reached skill level 5 in Invocations
  5761 | D:8      | Killed Prince Ribbit
  5767 | D:8      | Got a dazzling plate armour
  5828 | D:8      | Found a white marble altar of Elyvilon.
  5855 | D:8      | Found a stormy altar of Qazlal.
  5864 | D:8      | Reached XP level 10. HP: 71/77 MP: 20/20
  6757 | D:7      | Found Caneutaa's Armour Shoppe.
  6758 | D:7      | Reached skill level 5 in Short Blades
  6758 | D:7      | Reached skill level 5 in Long Blades
  6758 | D:7      | Reached skill level 5 in Maces & Flails
  6758 | D:7      | Reached skill level 5 in Polearms
  6758 | D:7      | Reached skill level 5 in Staves
  6758 | D:7      | Reached skill level 5 in Slings
  6758 | D:7      | Reached skill level 5 in Bows
  6758 | D:7      | Reached skill level 5 in Crossbows
  6758 | D:7      | Reached skill level 5 in Throwing
  6758 | D:7      | Reached skill level 5 in Stealth
  6758 | D:7      | Reached skill level 5 in Shields
  6758 | D:7      | Reached skill level 5 in Unarmed Combat
  6758 | D:7      | Reached skill level 5 in Evocations
  6912 | D:7      | Found a staircase to the Ecumenical Temple.
  7130 | D:6      | Killed a two-headed ogre
  7130 | D:6      | Reached **** piety under Okawaru
  7570 | D:6      | Found an ornate altar of the Wu Jian Council.
  7940 | D:9      | Found Poudecal's Armour Emporium.
  8051 | D:9      | Received a gift from Okawaru
  8484 | D:9      | Reached ***** piety under Okawaru
  8508 | D:9      | Found a staircase to the Orcish Mines.
  8536 | D:9      | Reached XP level 11. HP: 41/84 MP: 22/22
  8960 | D:10     | Entered Level 10 of the Dungeon
  8984 | D:10     | Found a flagged portal.
  9007 | Bailey   | Entered a bailey
  9542 | Bailey   | Noticed an orc knight
  9543 | Bailey   | Found the +8 frozen axe "Frostbite" {freezing cloud, *Noise +Fly rC+}
  9763 | Bailey   | Reached skill level 5 in Conjurations
  9763 | Bailey   | Reached skill level 5 in Hexes
  9763 | Bailey   | Reached skill level 5 in Summonings
  9763 | Bailey   | Reached skill level 5 in Necromancy
  9763 | Bailey   | Reached skill level 5 in Translocations
  9763 | Bailey   | Reached skill level 5 in Transmutations
  9763 | Bailey   | Reached skill level 5 in Fire Magic
  9763 | Bailey   | Reached skill level 5 in Ice Magic
  9763 | Bailey   | Reached skill level 5 in Air Magic
  9763 | Bailey   | Reached skill level 5 in Earth Magic
  9763 | Bailey   | Reached skill level 5 in Poison Magic
 10101 | Bailey   | HP: 1/85 [orc warrior/glaive (22)]
 10124 | Bailey   | Mangled by an orc warrior

Skill      XL: |  1  2  3  4  5  6  7  8  9 10 11 |
---------------+----------------------------------+-----
Spellcasting   | 5 6 7 |  7.9
Invocations    | 1 2 3 4 5 6 |  6.6
Short Blades   | 1 2 3 4 5 6 |  6.0
Long Blades    | 1 2 3 4 5 6 |  6.0
Maces & Flails | 1 2 3 4 5 6 |  6.0
Polearms       | 1 2 3 4 5 6 |  6.0
Staves         | 1 2 3 4 5 6 |  6.0
Slings         | 1 2 3 4 5 6 |  6.0
Bows           | 1 2 3 4 5 6 |  6.0
Crossbows      | 1 2 3 4 5 6 |  6.0
Throwing       | 1 2 3 4 5 6 |  6.0
Stealth        | 1 2 3 4 5 6 |  6.0
Shields        | 1 2 3 4 5 6 |  6.0
Unarmed Combat | 1 2 3 4 5 6 |  6.0
Evocations     | 1 2 3 4 5 6 |  6.0
Conjurations   | 1 2 3 4 5 |  5.0
Hexes          | 1 2 3 4 5 |  5.0
Summonings     | 1 2 3 4 5 |  5.0
Necromancy     | 1 2 3 4 5 |  5.0
Translocations | 1 2 3 4 5 |  5.0
Transmutations | 1 2 3 4 5 |  5.0
Fire Magic     | 1 2 3 4 5 |  5.0
Ice Magic      | 1 2 3 4 5 |  5.0
Air Magic      | 1 2 3 4 5 |  5.0
Earth Magic    | 1 2 3 4 5 |  5.0
Poison Magic   | 1 2 3 4 5 |  5.0
Armour         | 3 4 5 6 |  6.6
Fighting       | 5 6 7 |  7.6
Axes           | 5 6 7 |  7.6
Dodging        | 5 6 7 |  7.6
Charms         | 6 7 |  7.5

Action                   |  1- 3 |  4- 6 |  7- 9 | 10-12 || total
-------------------------+-------+-------+-------+-------++-------
Melee: Hand axe          |    63 |       |       |       ||    63
       Bite              |     7 |     6 |    20 |    34 ||    67
       Falchion          |    22 |    11 |       |       ||    33
       Short sword       |       |    99 |   229 |   342 ||   670
 Fire: Hunting sling     |       |    35 |    83 |   335 ||   453
 Cast: Infusion          |     4 |     1 |     4 |    11 ||    20
       Shroud of Golubri |     3 |     3 |     8 |    22 ||    36
       Regeneration      |       |       |       |    32 ||    32
  Use: Scroll            |     3 |    11 |     1 |     6 ||    21
       Potion            |       |       |     2 |     2 ||     4
 Stab: Sleeping          |     1 |     1 |     2 |     3 ||     7
       Distracted        |       |       |     1 |     1 ||     2
  Eat: Chunk             |     3 |     7 |     6 |    12 ||    28
       Ration            |       |       |       |     1 ||     1
Armor: Leather armour    |     1 |       |       |       ||     1
       Ring mail         |    26 |    25 |       |       ||    51
       Troll leather arm |       |     9 |    65 |    52 ||   126
Dodge: Dodged            |    50 |    52 |   123 |   236 ||   461
Block: Shield            |     7 |    59 |   101 |   258 ||   425
       Rpst.: Falchion   |     1 |     3 |       |       ||     4
